AoeStats
← Cer Spence

Arena

509365228Analyzed
2v2 RM · 5d ago on Sep 26, 2026· 56m 8s· 4 players
Game mode
Random Map
Map size
Medium (4 player)
Population
200
Speed
Normal
Resources
Standard
Victory
Conquest
Starting age
Dark Age
Ending age
Imperial Age
RankedLock teamsTeams togetherTeam positionsShared explorationLock speedFull tech treeHidden civsTurbo modeCheats
Victory
Defeat
🇧🇿 Khmer · Belize
693
+12
🇪🇸 Franks · Spain
636
+14
🇸🇪 Celts · Sweden
610
-13
🇸🇪 Britons · Sweden
599
-13
zenpegasus4
3:51 Loom
11:39 Feudal Age
13:07 Wheelbarrow
15:32 Double-Bit Axe
16:45 Gold Mining
22:47 Castle Age
22:11 Stone Mining
23:16 Light Cavalry
25:00 Forging
26:00 Husbandry
36:35 Bow Saw
38:19 Iron Casting
37:45 Scale Mail Armor
37:53 Scale Barding Armor
40:21 Elite Skirmisher
42:17 Coinage
41:49 Caravan
42:42 Ballistics
43:26 Ordonnance Companies
47:35 Murder Holes
48:37 Fletching
49:08 Masonry
53:09 Imperial Age
51:19 Wheelbarrow
53:16 Town Watch
54:35 Cranequins
isapau7695
0:39 Loom
10:25 Feudal Age
11:45 Wheelbarrow
11:00 Double-Bit Axe
13:16 Town Watch
16:52 Castle Age
15:23 Horse Collar
24:28 Stone Mining
24:41 Gold Mining
31:57 Imperial Age
29:43 Hand Cart
31:42 Fletching
32:03 Forging
32:16 Ballistics
32:10 Town Patrol
32:22 Capped Ram
35:42 Siege Ram
37:00 Gold Shaft Mining
37:00 Stone Shaft Mining
37:37 Elite Ballista Elephant
40:53 Bow Saw
41:23 Stone Shaft Mining
42:04 Scale Barding Armor
42:00 Padded Archer Armor
41:56 Bodkin Arrow
42:36 Iron Casting
42:04 Scale Mail Armor
43:07 Chemistry
42:13 Siege Engineers
43:54 Heavy Scorpion
45:44 Pikeman
47:12 Halberdier
Cer Spence
13:14 Feudal Age
13:37 Horse Collar
13:44 Double-Bit Axe
17:13 Loom
19:48 Castle Age
22:44 Heavy Plow
26:16 Forging
27:07 Scale Mail Armor
30:38 Wheelbarrow
31:01 Bow Saw
31:40 Iron Casting
31:38 Hand Cart
33:44 Chain Mail Armor
34:17 Gold Mining
37:01 Imperial Age
36:07 Fletching
36:17 Padded Archer Armor
36:07 Pikeman
36:33 Arson
37:18 Halberdier
37:37 Capped Ram
38:48 Town Watch
40:46 Siege Ram
42:49 Gold Shaft Mining
42:04 Stone Mining
43:57 Blast Furnace
43:27 Plate Mail Armor
42:53 Bodkin Arrow
43:14 Leather Archer Armor
43:53 Town Patrol
51:57 Onager
53:51 Ring Archer Armor
53:27 Scale Barding Armor
53:17 Siege Onager
General Sauce
14:22 Feudal Age
15:04 Double-Bit Axe
15:19 Horse Collar
16:36 Wheelbarrow
21:31 Castle Age
20:59 Gold Mining
21:02 Stone Mining
23:33 Heavy Plow
23:45 Bow Saw
24:13 Gold Shaft Mining
24:31 Pikeman
25:11 Squires
31:26 Imperial Age
31:04 Hand Cart
35:11 Halberdier
Connection lost

Rejoining the realm…

Still unreachable

The connection could not be restored.

Session expired

The server has moved on; the page needs a fresh start.